 Dungeon Crawl Stone Soup version 0.18-a0-1692-g516f9e9 (webtiles) character file.

55 barb4r1an the Cudgeler (level 3, -3/33 HPs)
             Began as a Minotaur Berserker on Apr 5, 2016.
             Was a Believer of Trog.
             Slain by a gnoll
             ... wielding a +0 flail
              (5 damage)
             ... on level 2 of the Dungeon.
             The game lasted 00:13:46 (1517 turns).

barb4r1an the Cudgeler (Minotaur Berserker)         Turns: 1517, Time: 00:13:49

Health: -3/33      AC:  6    Str: 22    XL:     3   Next: 67%
Magic:  2/2        EV: 10    Int:  4    God:    Trog [**....]
Gold:   104        SH:  0    Dex:  9    Spells: 0 memorised, 2 levels left

rFire  . . .     SeeInvis .     a - +0 mace
rCold  . . .     Gourm    .     o - +0 scale mail
rNeg   . . .     Faith    .     (no shield)
rPois  .         Spirit   .     (helmet restricted)
rElec  .         Dismiss  .     (no cloak)
rCorr  .         Reflect  .     (no gloves)
SustAt .         Harm     .     (no boots)
MR     .....                    (no amulet)
Stlth  ..........               (no ring)
                                m - ring of flight

@: lethally poisoned (-3 -> -7), not resistant to hostile enchantments,
extremely unstealthy
A: retaliatory headbutt, horns 2
a: Berserk, Trog's Hand, Burn Spellbooks, Renounce Religion, Evoke Flight


You were on level 2 of the Dungeon.
You worshipped Trog.
Trog was pleased with you.
You were not hungry.

You visited 1 branch of the dungeon, and saw 2 of its levels.

You collected 104 gold pieces.

Inventory:

Hand Weapons
 a - a +0 mace (weapon)
Armour
 b - a +0 animal skin
 o - a +0 scale mail (worn)
Jewellery
 m - a ring of flight (left hand)
Scrolls
 e - a scroll of fear
 h - a scroll of magic mapping {unknown}
 j - a scroll of amnesia {unknown}
 n - a scroll of random uselessness {unknown}
Potions
 d - a potion of haste {unknown}
 i - 3 potions of degeneration {unknown}
Comestibles
 c - 2 bread rations
 f - a royal jelly


   Skills:
 * Level 4.2 Fighting
 * Level 4.2 Maces & Flails
 * Level 2.8 Armour
 * Level 2.7 Dodging
 * Level 1.1 Stealth


You had 2 spell levels left.
You didn't know any spells.

Dungeon Overview and Level Annotations

Branches:
Dungeon (2/15)

Altars:
Cheibriados
Qazlal
Trog
Zin
The Shining One


Innate Abilities, Weirdness & Mutations

You reflexively headbutt those who attack you in melee.
You have a pair of horns on your head.


Message History

The adder barely misses you. You furiously retaliate!
You headbutt the adder, but do no damage.
You feel sick. The adder bites you but does no damage.
The adder barely misses you. The adder bites you.
* * * LOW HITPOINT WARNING * * *
The gnoll closely misses you.
You feel sick.
You are no longer poisoned.
The gnoll hits you but does no damage. The adder closely misses you.
The adder bites you.
* * * LOW HITPOINT WARNING * * *
You sock the adder!
The adder is almost dead.
The adder bites you.
* * * LOW HITPOINT WARNING * * *
You are lethally poisoned!
The adder poisons you! The gnoll hits you with a flail.
You die...

#........## ######### ..........#
#.......# ..........# #.......#
..........# #.......# ######
..........# #.......####.....
..........#### #.....[>.....####
#............####........########
..........##..##.................
..........##....@................
............#..gSg......###......
..........#.....g.......# #######
..........###..........##########
#......................# #.......
##......#.###..........# #.......
########.# ##.........###.......
#.# #..........##....... ..#
#..........#########


You could see 3 gnolls and an adder.

Vanquished Creatures
  An adder (D:2)
  3 worms (D:2)
  A dart slug (D:1)
  2 giant geckos (D:1)
  4 bats
  3 giant cockroaches
  A hobgoblin (D:1)
  3 jackals (D:1)
  A ball python (D:1)
  5 goblins
  3 kobolds
  6 rats
33 creatures vanquished.

Notes
Turn   | Place    | Note
--------------------------------------------------------------
     0 | D:1      | barb4r1an the Minotaur Berserker began the quest for the Orb.
     0 | D:1      | Reached XP level 1. HP: 19/19 MP: 0/0
   172 | D:1      | Reached XP level 2. HP: 8/27 MP: 1/1
   973 | D:2      | Found a faded altar to an unknown god.
   985 | D:2      | Reached ** piety under Trog
   985 | D:2      | Reached XP level 3. HP: 31/33 MP: 2/2
  1052 | D:2      | Found a bloodstained altar of Trog.
  1052 | D:2      | Found a glowing silver altar of Zin.
  1073 | D:2      | Found a stormy altar of Qazlal.
  1128 | D:2      | Found a snail-covered altar of Cheibriados.
  1128 | D:2      | Found a glowing golden altar of the Shining One.
  1332 | D:2      | Reached skill level 1 in Stealth
  1517 | D:2      | Slain by a gnoll

Vault maps used:
D:1:      dpeg_arrival_fog
D:2:      minmay_overflow_temple_star_hex, ecumenical_altar_1

Skill      XL: |  1  2  3 |
---------------+----------+-----
Maces & Flails | 4 |  4.2
Fighting       | 4 |  4.2
Stealth        | 1 |  1.1
Armour         | |  2.8
Dodging        | |  2.7

Action                   || total
-------------------------++-------
Melee: Mace              ||    64
  Use: Scroll            ||     1
  Eat: Bread ration      ||     1
